Cogmind - Beta 14 @@@ ROGUE MODE // 2024.11.12 @ 11:55:59 Player: Fangrelle Result: Destroyed by S-10 Pest with Light Assault Rifle Performance ------------- Evolutions (0) 0 Regions Visited (1) 200 Robots Destroyed (0) 0 Value Destroyed (0) 0 Prototype IDs (0) 0 Alien Tech Used (0) 0 Bonus (0) 0 TOTAL SCORE: 200 Bonus ------- None Cogmind --------- Core Integrity 0/250 Matter 300/300 Energy 98/100 System Corruption 0% Temperature Cool (0) Movement Core (50) Location -10/Materials Parts ------- > --- POWER (1) -------- (None) > --- PROPULSION (2) --- (None) > --- UTILITY (2) ------ (None) > --- WEAPON (2) ------- (None) > --- INVENTORY (5) ---- Ion Engine Wheel Wheel Grenade Launcher Peak State ------------ > --- POWER ------------ Ion Engine > --- PROPULSION ------- Aluminum Leg > --- UTILITY ---------- Small Storage Unit > --- WEAPON ----------- Light Assault Rifle Light Assault Rifle > --- INVENTORY -------- Ion Engine Light Treads Light Treads Wheel Wheel Assault Rifle [Rating: 5] Favorites ----------- Power Ion Engine Engine Ion Engine Propulsion Aluminum Leg Leg Aluminum Leg Utility Small Storage Unit Storage Small Storage Unit Weapon Light Assault Rifle Ballistic Gun Light Assault Rifle Build | -11 -10 ------- Run | Yrd Mat Slots Evolved . | . . Power . | . . Propulsion . | . . Utility . | . . Weapon . | . . Parts Attached . | . . Power . | . . Engine . | . . Core . | . . Reactor . | . . Propulsion . | . . Treads . | . . Leg . | . . Wheel . | . . Hover . | . . Flight . | . . Utility . | . . Device . | . . Storage . | . . Processor . | . . Hackware . | . . Protection . | . . Artifact . | . . Weapon . | . . Energy Gun . | . . Energy Cannon . | . . Ballistic Gun . | . . Ballistic Cannon . | . . Launcher . | . . Special Weapon . | . . Impact Weapon . | . . Slashing Weapon . | . . Piercing Weapon . | . . Special Melee Weapon . | . . Unidentified Prototypes . | . . Parts Lost . | . . Power . | . . Propulsion . | . . Utility . | . . Weapon . | . . Highest Loss Streak . | . . To Critical Strikes . | . . Average Slot Usage (%) . | . . Peak Build Rating 5 | . 5 Average Rating . | . . On Entrance 6 | 6 6 Naked Turns 106 | . 106 Heaviest Build 12 | 12 . Greatest Support 20 | 20 3 Greatest Overweight (x) . | . . Average Overweight (x) . | . . Largest Inventory Capacity 8 | . 8 Average Capacity 5 | . 5 Most Carried 6 | . 6 Average Carried 3 | . 3 Final Capacity 8 | 8 5 Final Carried 6 | 6 4 Class Distribution -------------------- 100% | Mutant Dominant Class ---------------- Mutant | -10/Materials Resources | -11 -10 ----------- Run | Yrd Mat Matter Collected 200 | 200 . Remotely . | . . Salvage Created . | . . Parts . | . . Haulers Intercepted . | . . Recyclers Shooed . | . . Parts Field Recycled . | . . Retrieved Matter . | . . Parts Self-Destructed . | . . Prevented . | . . Kills | -11 -10 ------- Run | Yrd Mat Combat Hostiles Destroyed . | . . Classes Destroyed . | . . Best Kill Streak . | . . Combat Bots Only . | . . Max Kills in Single Turn . | . . Gunslinging . | . . Exploded . | . . Melee . | . . Uniques/NPCs Destroyed . | . . Combat | -11 -10 -------- Run | Yrd Mat Hostile Shots Fired 40 | . 40 Missed 10 | . 10 Damage Taken 257 | . 257 Core 257 | . 257 Absorbed by Shields . | . . Core Remaining (%) 100 | 100 . Volleys Fired . | . . Largest . | . . Hottest . | . . Shots Fired . | . . Gun . | . . Cannon . | . . Launcher . | . . Special . | . . Kinetic . | . . Thermal . | . . Explosive . | . . Electromagnetic . | . . Robot Hit Streak . | . . Robot Miss Streak . | . . Penetration Max . | . . Secondary Targets . | . . Shots Hit Robots . | . . Core Hits . | . . Critical Kills . | . . Critical Parts Destroyed . | . . Critical Strikes . | . . Melee Attacks . | . . Impact . | . . Slashing . | . . Piercing . | . . Sneak Attacks . | . . Combat Hostiles . | . . Follow-up Attacks . | . . Damage Inflicted 4 | . 4 Guns . | . . Cannons . | . . Explosions . | . . Melee . | . . Ramming 4 | . 4 Kinetic . | . . Thermal . | . . Explosive . | . . Electromagnetic . | . . Impact . | . . Slashing . | . . Piercing . | . . Highest Corruption . | . . Average Corruption . | . . Corruption Purged . | . . Corruption Blocked . | . . Overload Shots . | . . Overflow Damage . | . . Projectiles . | . . Explosions . | . . Melee . | . . Knockbacks . | . . Impact . | . . Kinetic . | . . Secondary . | . . Self-Inflicted Damage 2 | . 2 Shots . | . . Rammed 1 | . 1 Targets Rammed 1 | . 1 Kicked . | . . Crushed . | . . Highest Temperature . | . . Average Temperature . | . . Received Heat Transfer 18 | . 18 Siege Activations . | . . Robots Corrupted . | . . Combat Hostiles . | . . Parts Fried . | . . Impact Corruptions . | . . Robots Melted . | . . Combat Hostiles . | . . Parts Melted . | . . Heat Transferred . | . . Parts Sabotaged . | . . Parts Stolen . | . . Parts Stripped . | . . Power Chain Reactions . | . . Alert | -11 -10 ------- Run | Yrd Mat Peak Influence 111 | . 111 Initial . | . . Average 24 | . 24 Maximum Alert Level . | . . Low Security (%) 100 | . 100 Level 1 . | . . Level 2 . | . . Level 3 . | . . Level 4 . | . . Level 5 . | . . High Security . | . . Max Security . | . . Squads Dispatched 1 | . 1 Investigation 1 | . 1 Extermination . | . . Reinforcement . | . . Assault . | . . Garrison . | . . Intercept . | . . Searches Triggered . | . . Construction Impeded . | . . Haulers Reinforced . | . . Active Scanning Responses . | . . Cargo Convoy Interrupts . | . . Stealth | -11 -10 --------- Run | Yrd Mat Distress Signals . | . . Communications Jammed . | . . Distress Signals . | . . Times Spotted 9 | . 9 Peak Tracking Total 7 | . 7 Tactical Retreats 3 | . 3 Traps | -11 -10 ------- Run | Yrd Mat Traps Triggered . | . . Indirectly . | . . Trap Hack Attempts . | . . Triggered . | . . Disarmed . | . . Reprogrammed . | . . Reused . | . . Traps Extracted . | . . Installed . | . . Triggered . | . . Machines | -11 -10 ---------- Run | Yrd Mat Machines Disabled . | . . Max in Single Turn . | . . Machines Repaired . | . . Machines Dismantled . | . . Machines Sabotaged . | . . Overloaded Fab Kills . | . . Hacking | -11 -10 --------- Run | Yrd Mat Machines Accessed 3 | . 3 Terminals 3 | . 3 Fabricators . | . . Repair Stations . | . . Recycling Units . | . . Scanalyzers . | . . Garrison Access . | . . Total Hacks 12 | . 12 Successful 7 | . 7 Failed 5 | . 5 Catastrophic 1 | . 1 Database Lockouts . | . . Manual 12 | . 12 Terminals 12 | . 12 Fabricators . | . . Repair Stations . | . . Recycling Units . | . . Scanalyzers . | . . Garrison Access . | . . Terminal Hacks . | . . Fabricator Hacks . | . . Repair Station Hacks . | . . Recycling Unit Hacks . | . . Scanalyzer . | . . Garrison Access Hacks . | . . Unauthorized Hacks 7 | . 7 Terminals 7 | . 7 Botnet 3 | . 3 Detonate 1 | . 1 Disrupt 1 | . 1 Operators 1 | . 1 Skim 1 | . 1 Fabricators . | . . Repair Stations . | . . Recycling Units . | . . Scanalyzers . | . . Garrison Access . | . . Data Cores Recovered . | . . Used . | . . Hacking Detections 3 | . 3 Full Trace Events 1 | . 1 Feedback Events . | . . Feedback Blocked . | . . Robot Schematics Acquired . | . . Robots Built . | . . Authchips . | . . Time . | . . Total Robot Build Rating . | . . Part Schematics Acquired . | . . Parts Built . | . . Authchips . | . . Time . | . . Total Part Build Rating . | . . Parts Repaired . | . . Time . | . . Parts Recycled . | . . Recycled Matter . | . . Retrieved Matter . | . . Retrieved Components . | . . Parts Scanalyzed . | . . Part Schematics Acquired . | . . Parts Damaged . | . . Bothacking | -11 -10 ------------ Run | Yrd Mat Used RIF Installer . | . . Robots Hacked . | . . Non-combat . | . . Combat . | . . Robot Hacks Applied . | . . Relay Couplers Released . | . . Fabnet Peak Effective % . | . . Robots Rewired . | . . Allies Hacked . | . . Hacks Repelled . | . . Allies | -11 -10 -------- Run | Yrd Mat Total Allies . | . . Largest Group . | . . Highest-Rated Group . | . . Highest-Rated Ally . | . . Total Orders . | . . Ally Attacks . | . . Total Damage . | . . Kills . | . . Allies Corrupted . | . . Allies Melted . | . . Intel | -11 -10 ------- Run | Yrd Mat Robot Analysis Total . | . . Derelict Logs Recovered . | . . Drone Launches . | . . Drone Recoveries . | . . Exploration | -11 -10 ------------- Run | Yrd Mat Turns Passed 109 | . 109 Spaces Moved 207 | 1 206 Core 206 | . 206 Treads . | . . Legs 1 | 1 . Wheels . | . . Hover . | . . Flight . | . . Fastest Speed 50 | 120 50 Average Speed 50 | 120 50 Slowest Speed 120 | 120 50 Overloaded Moves . | . . Propulsion Burnouts . | . . Robots Hopped . | . . Cave-ins Triggered . | . . Exploration Rate (%) 22 | 2 43 Regions Visited 1 Branch Regions . Pre-discovered Areas . | . . Known Exits Taken . | . . Unknown Exits Taken 1 | 1 . Scrap Searched . | . . Spaces Dug . | . . Terrain Destroyed . | . . Melee . | . . Projectile . | . . AOE . | . . Terrain Rammed . | . . Walls Destroyed . | . . Machines Disabled . | . . Actions | -11 -10 --------- Run | Yrd Mat Total 216 | . 216 Wait . | . . Move 206 | . 206 Hop . | . . Pick Up 1 | . 1 Fast Attach . | . . Attach . | . . Detach . | . . Swap . | . . Drop 8 | . 8 Fire . | . . Melee . | . . Ram 1 | . 1 Kick . | . . Crush . | . . Escape Stasis . | . . Rewire . | . . Trap . | . . Miscellaneous . | . . Route ------- -11/Scrapyard -10/Materials (discovered 2 exits: [*Mat] / [*Min]) History --------- Turn | Location | Event 1 | -11/Scrapyard | Discovered new exit (range 0) 1 | -11/Scrapyard | Entered Materials 39 | -10/Materials | Discovered new exit (range 11) 78 | -10/Materials | Discovered new exit (range 16) 79 | -10/Materials | Core integrity fell below 50% 102 | -10/Materials | Core integrity fell below 20% 110 | -10/Materials | Destroyed by S-10 Pest with Light Assault Rifle Last Messages --------------- Awaiting botnet instructions. >>Trojan(Detonate) Trojan loaded successfully. Testing... Scanning machine control network... No applicable machines found. Infected machine control systems. >>Trojan(Disrupt) Trojan loaded successfully. Testing... Disruption routine running. >>Trojan(Skim) Trojan loaded successfully. Testing... Terminal linked with 0 systems. Please expand to 4 more systems! 00065_ U-05 Engineer works on Material Compactor. 00076_ K-01 Serf collects debris. 00078_ EXIT=FOUND 00081_ K-01 Serf collects debris. Map ----- +----------------------------------------------------+ | ????????????# | | ????????????# < ^ | | ????????????# | | ????????????####/### # | | ????????????# ###+### | | ????????????# # | | ????????????# #!!! " | | ????????????# #!!! | | ????????????# #!! " | | ????????????# # | | ?????????#########/# | | ?????????#"T"????# # | | ????????? ???# # | | ?????????? ??# ####### | | ???????????""" ## ##????? | | ?????????????" # #????? | | ########??????? / ###### | | # #????????# | | # #????????# ###### | | # s" #????????# #????? | | # "" #######??# #????? | | # "" # #### #????? | | # """ # #????? | | # "" + ! #????? | | # """ # #????? | | #@ """ # ########????? | | # """s## ##???????????? | | # " ## #????????????? | | # s ## #????????????? | | # ## +????????????? | | ######### #????????????? | | ????????# #????????????? | | ????????# #????????????? | | ????????# #????????????? | | ????????# #????????????? | | ????????# #????????????? | | ????????# #????????????? | | ????????? #????????????? | | ?????????????????????????? | | ?????????????????????????? | | ?????????????????????????? | | ?????????????????????????? | | ?????????????????????????? | | ?????????????????????????? | | ?????????????????????????? | | ?????????????????????????? | | ?????????????????????????? | | ?????????????????????????? | | ?????????????????????????? | | ?????????????????????????? | +----------------------------------------------------+ Best States ------------- Heat Dissipation 25 Energy Generation 5 Energy Capacity 100 Matter Stores 300 Matter Capacity 300 Sight Range 16 Terrain Scan Density 10 Evasion (%) 50 Item Schematics ----------------- None Robot Schematics ------------------ None Fabricated ------------ Nothing Alien Tech Used ----------------- None Achievements -------------- None Challenges ------------ None Game ------ Seed HybridDeliveryDeconstructor Manual? 0 Play Time 00:05:05 Cumulative 60.0 hours Start 2024.11.12 @ 11:53:16 End 2024.11.12 @ 11:55:59 Sessions 1 Manual Loads 0 Difficulty Rogue Special Mode None Game No. 107 Rogue 107 Adventurer 0 Explorer 0 Win Type - Total 0 Types 0/0/0/0/0/0/0/0/0 Lore% 39 Gallery% 34 Achievement% 34 Wizard Run 0 Options --------- Layout 0 ASCII 0 Keyboard 0 Movement Mouse Keybinds 0 Fullscreen 1 Font 24/Smallcaps Map View 91x25 Zoom Use 80% Tactical HUD 1 Map Filters NONE Filters NONE Steam 1 RUN: 241c1adb-aa32-451d-b196-e2afee11bb81